 Dungeon Crawl Stone Soup version 0.18.1-50-g88ac8fd (webtiles) character file.

1274 Chiseanne the Skirmisher (level 8, -3/82 HPs)
             Began as a Centaur Air Elementalist on Oct 19, 2016.
             Slain by a hippogriff (8 damage)
             ... on level 6 of the Dungeon.
             The game lasted 00:18:22 (7556 turns).

Chiseanne the Skirmisher (Centaur Air Elementalist) Turns: 7556, Time: 00:18:23

Health: -3/82      AC:  7    Str: 12    XL:     8   Next: 28%
Magic:  6/14       EV: 11    Int: 16    God:
Gold:   87         SH:  0    Dex: 12    Spells: 4 memorised, 6 levels left

rFire  . . .     SeeInvis .     a - +1 dagger (flame)
rCold  . . .     Gourm    .     i - +1 robe
rNeg   + . .     Faith    .     (no shield)
rPois  .         Spirit   .     A - +0 helmet
rElec  .         Dismiss  .     (no cloak)
rCorr  .         Reflect  .     D - +0 pair of gloves {Dex+3}
SustAt .         Harm     .     (no barding)
MR     .....                    w - amulet of Vitality {Regen+ HP+15}
Stlth  +.........               (no ring)
                                r - ring of positive energy

@: very quick, not resistant to hostile enchantments, very unstealthy
A: hooves 3, deformed body, speed 2, tough skin 3
a: no special abilities


You were on level 6 of the Dungeon.
You were hungry.

You visited 1 branch of the dungeon, and saw 6 of its levels.

You collected 208 gold pieces.
You spent 121 gold pieces at shops.

Inventory:

Hand Weapons
 a - a +1 dagger of flaming (weapon)
 h - a +1 dagger of draining
 u - a +0 blowgun
Missiles
 e - 62 poisoned needles
 l - 51 stones (quivered)
 p - 89 arrows
 v - 28 sling bullets
 x - a throwing net
 y - 17 bolts
Armour
 f - a +1 ring mail of cold resistance
 i - a +1 robe (worn)
 A - a +0 helmet (worn)
 D - a +0 pair of gloves of dexterity (worn)
Jewellery
 r - a ring of positive energy (left hand)
 w - the amulet of Vitality (around neck) {Regen+ HP+15}
   (You found it on level 4 of the Dungeon)

   [amulet of regeneration]

   It affects your health (+15).
   It increases your rate of regeneration.
Wands
 d - a wand of slowing (5/48)
 t - a wand of confusion (13/48)
Scrolls
 j - a scroll of blinking
 s - a scroll of magic mapping
 B - a scroll of teleportation
Potions
 g - a potion of curing
 k - 5 potions of flight
 m - a potion of cancellation
 n - 2 potions of haste
 o - a potion of brilliance
 z - a potion of lignification
 E - a potion of mutation {unknown}
Books
 b - a book of Air

   Spells                             Type                      Level
   a - Shock                          Conjuration/Air              1
   b - Swiftness                      Charms/Air                   2
   c - Repel Missiles                 Charms/Air                   2
   d - Static Discharge               Conjuration/Air              3
   e - Lightning Bolt                 Conjuration/Air              5
 C - a book of Geomancy

   Spells                             Type                      Level
   a - Sandblast                      Earth                        1
   b - Passwall                       Transmutation/Earth          2
   c - Stone Arrow                    Conjuration/Earth            3
   d - Petrify                        Transmutation/Earth          4
   e - Lee's Rapid Deconstruction     Earth                        5
Comestibles
 c - 5 bread rations
 q - 2 chunks of flesh


   Skills:
 * Level 4.8 Fighting
 * Level 4.0 Dodging
 - Level 1.2 Stealth
 * Level 4.1 Spellcasting
 * Level 4.4 Conjurations
 - Level 2.6 Air Magic


You had 6 spell levels left.
You knew the following spells:

 Your Spells              Type           Power        Failure   Level  Hunger
a - Shock                 Conj/Air       ##..         4%          1    None
b - Static Discharge      Conj/Air       ##......     12%         3    ###....
c - Repel Missiles        Chrm/Air       #.....       17%         2    ##.....
d - Stone Arrow           Conj/Erth      ##....       21%         3    ###....


Dungeon Overview and Level Annotations

Branches:
Dungeon (6/15)
 Temple: D:4-7

Altars:
Ashenzari
Fedhas
Kikubaaqudgha
Nemelex Xobeh
Okawaru
Sif Muna
The Shining One

Shops:
D:5 [


Innate Abilities, Weirdness & Mutations

You have hooves in place of feet.
Armour fits poorly on your strangely shaped body.
You cover ground very quickly.
You have extremely tough skin (AC +3).


Message History

Aiming: Shock
Press: ? - help, Shift-Dir - straight line, f/p - hippogriff
Aim: a hippogriff (almost dead)
The zap hits the hippogriff.
The hippogriff is almost dead.
The hippogriff barely misses you. The hippogriff pecks you.
* * * LOW HITPOINT WARNING * * *
The hippogriff claws you but does no damage.
Casting: Shock
Confirm with . or Enter, or press ? or * to list all spells.
Aiming: Shock
Press: ? - help, Shift-Dir - straight line, f/p - hippogriff
Aim: a hippogriff (almost dead)
The zap hits the hippogriff.
The hippogriff is almost dead.
The hippogriff bites you but does no damage.
The hippogriff pecks you.
* * * LOW HITPOINT WARNING * * *
The hippogriff claws you!
You die...

#......)<#.#
...
#........#.#
...
#..........#
#.#
##########.#
#.# # #.#
... #.#.. #
#.# #.... #.
#.###.#
#.##.
#.#@....#
#....
#.H.#####
#######.#
#......#
#.......#
##..##.#
#.#######
#..##.# #.#
#.>##.# #.#
#####.# #.#
#.#####.#
#.......#


You could see a hippogriff.

Vanquished Creatures
  2 phantoms
  2 sky beasts (D:5)
  2 ogres (D:4)
  A centaur (D:5)
  A giant frog (D:5)
  A scorpion (D:4)
  A crimson imp (D:6)
  2 hounds (D:5)
  A giant frog skeleton (D:5)
  A gnoll shaman (D:5)
  2 orc wizards (D:5)
  Terence (D:3)
  5 worker ants
  8 gnolls
  3 adders
  An adder skeleton (D:5)
  4 worms
  2 dart slugs
  5 giant geckos
  4 orcs
  3 bats
  4 giant cockroaches
  14 goblins
  8 hobgoblins
  4 jackals
  13 kobolds
  A quokka (D:5)
  A ball python (D:4)
  A giant gecko skeleton (D:4)
  5 giant newts
  2 quokka skeletons (D:5)
  2 rats
107 creatures vanquished.

Vanquished Creatures (others)
  A human (D:5)
1 creature vanquished.

Grand Total: 108 creatures vanquished

Notes
Turn   | Place    | Note
--------------------------------------------------------------
     0 | D:1      | Chiseanne the Centaur Air Elementalist began the quest for the Orb.
     0 | D:1      | Reached XP level 1. HP: 14/14 MP: 3/3
    35 | D:1      | Reached skill level 1 in Conjurations
   236 | D:1      | Reached XP level 2. HP: 22/22 MP: 0/4
   356 | D:1      | Reached skill level 1 in Fighting
   683 | D:1      | Reached XP level 3. HP: 23/28 MP: 0/6
  2071 | D:2      | Reached XP level 4. HP: 32/36 MP: 1/7
  2317 | D:3      | Noticed Terence
  2350 | D:3      | Killed Terence
  2824 | D:3      | Learned a level 3 spell: Static Discharge
  2827 | D:3      | Learned a level 2 spell: Repel Missiles
  3049 | D:3      | Found a blossoming altar of Fedhas.
  3485 | D:4      | Reached XP level 5. HP: 41/41 MP: 1/8
  3556 | D:4      | Found an iron altar of Okawaru.
  3556 | D:4      | Found a sparkling altar of Nemelex Xobeh.
  3582 | D:4      | Noticed an ogre
  3594 | D:4      | Killed an ogre
  3926 | D:4      | Reached XP level 6. HP: 50/50 MP: 1/10
  4159 | D:4      | Found a shattered altar of Ashenzari.
  4291 | D:4      | Found a glowing golden altar of the Shining One.
  4998 | D:4      | Reached XP level 7. HP: 57/57 MP: 0/12
  5106 | D:5      | Entered Level 5 of the Dungeon
  5434 | D:5      | Found Qenniho's Antique Armour Shoppe.
  5621 | D:5      | Bought a pair of glowing gloves for 121 gold pieces
  6047 | D:5      | Found a deep blue altar of Sif Muna.
  6805 | D:5      | Reached XP level 8. HP: 67/67 MP: 13/13
  7024 | D:5      | Found an ancient bone altar of Kikubaaqudgha.
  7039 | D:5      | Learned a level 3 spell: Stone Arrow
  7556 | D:6      | Slain by a hippogriff

Skill      XL: |  1  2  3  4  5  6  7  8 |
---------------+-------------------------+-----
Conjurations   | 1 2 3 4 |  4.4
Fighting       | 1 2 3 4 |  4.8
Spellcasting   | 2 3 4 |  4.1
Dodging        | 2 3 4 |  4.0
Stealth        | |  1.2
Air Magic      | |  2.6

Action                   |  1- 3 |  4- 6 |  7- 9 || total
-------------------------+-------+-------+-------++-------
Melee: Short sword       |     4 |       |       ||     4
       Dagger            |    31 |    82 |    95 ||   208
       Kick              |     5 |     9 |    22 ||    36
 Cast: Shock             |    82 |   159 |   127 ||   368
       Repel Missiles    |       |     1 |       ||     1
Evoke: Wand              |       |       |     3 ||     3
  Use: Scroll            |     7 |     7 |     2 ||    16
 Stab: Confused          |       |       |     1 ||     1
       Sleeping          |       |       |     1 ||     1
  Eat: Chunk             |     4 |     9 |     5 ||    18
       Beef jerky        |       |       |     1 ||     1
Armor: Robe              |    12 |    54 |    63 ||   129
Dodge: Dodged            |    27 |    59 |    81 ||   167
       Deflected         |       |     4 |       ||     4
